 Dungeon Crawl Stone Soup version 0.24-a0-530-g18ba70b503 (webtiles) character file.

Game seed: 12706922722270177216

88 1994 the Skirmisher (level 4, 0/40 HPs)
             Began as a Draconian Fighter on Aug 9, 2019.
             Succumbed to Ijyb's poison gas
             ... on level 3 of the Dungeon.
             The game lasted 00:06:31 (1775 turns).

1994 the Skirmisher (Draconian Fighter)             Turns: 1775, Time: 00:06:32

Health: 0/40       AC:  6    Str: 18    XL:     4   Next: 29%
Magic:  4/4        EV: 12    Int: 10    God:
Gold:   110        SH:  4    Dex: 10    Spells: 1/3 levels left

rFire    . . .     SeeInvis .   a - +0 trident
rCold    + . .     Gourm    .   t - +0 buckler
rNeg     . . .     Faith    .   (armour unavailable)
rPois    .         Spirit   .   (helmet restricted)
rElec    .         Reflect  .   e - +0 cloak
rCorr    .         Harm     .   (no gloves)
MR       .....                  (no boots)
Stlth    +.........             (no amulet)
HPRegen  0.13/turn              o - ring of protection from cold
MPRegen  0.09/turn              (no ring)

@: lethally poisoned (0 -> -29)
A: unfitting armour, cold-blooded, AC +5
a: no special abilities


You were on level 3 of the Dungeon.
You were not hungry.

You visited 1 branch of the dungeon, and saw 3 of its levels.

You collected 110 gold pieces.

Inventory:

Hand Weapons
 a - a +0 trident (weapon)
 b - a +0 hunting sling
Missiles
 g - 34 stones (quivered)
Armour
 e - a +0 cloak (worn)
 l - a +0 shield
 t - a +0 buckler (worn)
Jewellery
 h - an uncursed ring of fire
 o - a ring of protection from cold (left hand)
Scrolls
 f - 5 scrolls of identify {unknown}
 j - 4 scrolls of amnesia {unknown}
 k - a scroll of remove curse {unknown}
 m - a scroll of enchant armour {unknown}
 n - 4 scrolls of teleportation {unknown}
 s - a scroll of enchant weapon {unknown}
Potions
 c - 2 potions of might
 i - a potion of ambrosia {unknown}
 p - a potion of berserk rage {unknown}
 q - a potion of magic {unknown}
 u - a potion of curing {unknown}
 v - a potion of haste {unknown}
Comestibles
 d - 3 rations
 r - 3 chunks of flesh


   Skills:
 + Level 3.8 Fighting
 * Level 3.2 Polearms
 - Level 2.6 Dodging
 * Level 3.8 Shields
 + Level 0.3 Spellcasting
 + Level 0.2 Translocations


You had one spell level left.
You knew the following spells:

 Your Spells              Type           Power        Failure   Level  Hunger
a - Blink                 Tloc           N/A          45%         2    ###....

Your spell library contained the following spells:

 Spells                   Type           Power        Failure   Level  Hunger
 Magic Dart               Conj           #...         36%         1    ##.....
 Call Imp                 Summ           #.......     50%         2    ###....
 Slow                     Hex            #.......     50%         2    ###....
 Conjure Flame            Conj/Fire      #.......     73%         3    ####...
 Mephitic Cloud           Conj/Pois/Air  #.......     73%         3    ####...


Dungeon Overview and Level Annotations

Branches:
Dungeon (3/15)

Altars:
Vehumet
The Shining One

Annotations:
D:3 Ijyb


Innate Abilities, Weirdness & Mutations

Your plain brown scales are hard. (AC +5)
You cannot fit into any form of body armour.
You are cold-blooded and may be slowed by cold attacks.


Message History

Ijyb barely misses you.
Unknown command.
Unknown command.
You barely miss Ijyb.
Ijyb is moderately wounded.
Ijyb barely misses you.
Ijyb zaps a wand.
Ijyb creates a blast of freezing vapour!
Unknown command.
Unknown command.
Ijyb zaps a wand.
Ijyb creates a blast of poison gas!
Unknown command.
You are engulfed in poison gas.
You are lethally poisoned!
* * * LOW HITPOINT WARNING * * *
x2 You feel sick.
A frilled lizard comes into view.
You are engulfed in poison gas.
You are more poisoned.
* * * LOW HITPOINT WARNING * * *
You die...

#...l........
#.............
#........>....
#.........$....
###..............
....<............
.................
##..#@§§§§§.... ...
##.§.#§§§§§§...#
....##..#§#§§☼§§§..#
...........°§§§§§...#
........##.##g§.....#
........##.###......#
..>........# ####...#
...........### #.##.#
# .#...........##
#(...##.


You could see Ijyb and a frilled lizard (sleeping).

Vanquished Creatures
  An adder (D:2)
  4 oozes
  2 worms (D:2)
  2 dart slugs
  A leopard gecko (D:1)
  4 giant cockroaches
  2 goblins (D:1)
  7 hobgoblins
  4 jackals (D:2)
  4 kobolds
  2 ball pythons
  8 bats
  4 frilled lizards (D:1)
  6 rats
51 creatures vanquished.

Notes
Turn   | Place    | Note
-------+----------+-------------------------------------------
     0 | D:1      | 1994 the Draconian Fighter began the quest for the Orb.
     0 | D:1      | Reached XP level 1. HP: 19/19 MP: 1/1
   116 | D:1      | Reached XP level 2. HP: 26/26 MP: 2/2
   415 | D:1      | Reached XP level 3. HP: 31/31 MP: 3/3
   752 | D:2      | Found a glowing golden altar of the Shining One.
   924 | D:2      | Found a radiant altar of Vehumet.
  1186 | D:2      | Learned a level 2 spell: Blink
  1333 | D:2      | Reached XP level 4. HP: 37/40 MP: 4/4
  1760 | D:3      | Noticed Ijyb
  1775 | D:3      | HP: 2/40 [Ijyb] (2)]
  1775 | D:3      | Succumbed to Ijyb's poison gas

Levels and vault maps discovered:
D:1:      psy_arrival_terrarium, layout_rooms, nrook_uturn, minmay_bisected
D:2:      layout_loops_corners, nicolae_overflow_crystal_walls, first_ration,
          tso_metal_star
D:3:      layout_rooms, grunt_ministairs_4, minmay_ruptured, uniq_ijyb

Skill      XL: |  1  2  3 |
---------------+----------+-----
Polearms       | 3 |  3.2
Fighting       | |  3.8
Dodging        | |  2.6
Shields        | |  3.8
Spellcasting   | |  0.3
Translocations | |  0.2

Action                   |  1- 3 |  4- 6 || total
-------------------------+-------+-------++-------
Melee: Trident           |   133 |    27 ||   160
       Tailslap          |    14 |     1 ||    15
 Fire: Hunting sling     |     5 |       ||     5
 Stab: Sleeping          |     2 |       ||     2
  Eat: Chunk             |     1 |     2 ||     3
Armor: Skin              |    33 |    10 ||    43
Dodge: Dodged            |    49 |    16 ||    65
Block: Shield            |    33 |       ||    33
       Buckler           |     3 |     3 ||     6

Table legend:
 A = Non-vault XP
 B = Vault XP
 C = Vault XP percentage of total XP
 D = Non-vault monster count
 E = Vault monster count
 F = Vault count percentage of total count
                 A         B        C        D         E       F
            +---------+---------+-------+---------+---------+-------
      Total |     107 |      19 |  15.1 |      45 |       6 |  11.8
            +---------+---------+-------+---------+---------+-------
        D:1 |      52 |      10 |  16.1 |      25 |       4 |  13.8
        D:2 |      52 |       0 |   0.0 |      18 |       0 |   0.0
        D:3 |       3 |       9 |  75.0 |       2 |       2 |  50.0
            +---------+---------+-------+---------+---------+-------
